[Event "*** Titled Tuesday Blitz"]
[Site "Chess.com"]
[Date "2020.11.24"]
[Round "11"]
[White "Chessbard1972"]
[Black "Michaelson_11"]
[Result "1-0"]
[WhiteElo "2322"]
[BlackElo "2149"]
[TimeControl "180+1"]
[EndTime "12:22:28 PST"]
[Termination "Chessbard1972 won by resignation"]

1. e4 c5 2. d4 cxd4 3. c3 dxc3 4. Nxc3 Nc6 5. Bc4 e6 6. Bf4 a6 7. a4 Nge7 8. Bd6 Ng6 9. Bxf8 Kxf8 10. Nf3 Qe7 11.
O-O Nge5 12. Ba2 f6 13. Nxe5 Nxe5 14. f4 Nc6 15. f5 Kf7 16. Qh5+ Kf8 17. e5 Nxe5 18.
fxe6 Qc5+ 19. Kh1 dxe6 20. Ne4 Qc7 21. Rac1 Qa5 22. b4 Qxa4 23. Qxe5 Qxb4 24. Nxf6 gxf6 25. Qxf6+ 1-0

[Event "*** Titled Tuesday Blitz"]
[Site "Chess.com"]
[Date "2020.11.24"]
[Round "11"]
[White "Morshynska"]
[Black "03revilo"]
[Result "1-0"]
[WhiteElo "2246"]
[BlackElo "2292"]
[TimeControl "180+1"]
[EndTime "12:22:29 PST"]
[Termination "Morshynska won by resignation"]

1. Nf3 d5 2. g3 Nf6 3. Bg2 e6 4. O-O Be7 5. c4 O-O 6. d4 dxc4 7. Qc2 a6 8. Qxc4 b5 9. Qc2 Bb7 10. a4 Nbd7 11. Rd1 c5 12. dxc5 Bxc5 13. Nbd2 Qb6 14. e3 Rac8 15. Qd3 Rfd8 16. a5 Qc7 17. Qe2 Ne5 18. Nxe5 Bxg2 19. Nxf7 Rxd2 20. Bxd2 Qb7 21. Ne5 Bd6 22. f3 Bh3 23. Bc3 Rxc3 24. Rxd6 Rc5 25. Rd8+ 1-0

[Event "*** Titled Tuesday Blitz"]
[Site "Chess.com"]
[Date "2020.11.24"]
[Round "11"]
[White "KetiTsatsalashvili"]
[Black "sasko1234"]
[Result "1-0"]
[WhiteElo "2332"]
[BlackElo "2453"]
[TimeControl "180+1"]
[EndTime "12:22:31 PST"]
[Termination "KetiTsatsalashvili won by resignation"]

1. d4 e6 2. Nf3 d5 3. Bf4 c6 4. e3 f5 5. c4 Nf6 6. Nc3 Bd6 7. Bxd6 Qxd6 8. Be2 O-O 9. O-O Ne4 10. Rc1 Nd7 11. cxd5 exd5 12. Qc2 h6 13. Ne1 Ndf6 14. Nd3 Bd7 15.
Ne5 Rae8 16. f3 Ng5 17. b4 Nf7 18. f4 Bc8 19. a3 Ng4 20. Qd2 a5 21. b5 Bd7 22. bxc6 bxc6 23. Na4 Nfxe5 24. fxe5 Qxa3 25.
Nc5 Bc8 26. Rc3 Qb4 27. h3 Nxe5 28. dxe5 Rxe5 29. Nd3 Qe7 30. Nxe5 Qxe5 31. Rxc6 a4 32. Rc5 Be6 33. Ra5 f4 34. Rxf4 Rb8 35. Raxa4 g5 36. Rf1 Rb3 37. Qd4 1-0

[Event "*** Titled Tuesday Blitz"]
[Site "Chess.com"]
[Date "2020.11.24"]
[Round "11"]
[White "beautroll"]
[Black "dosto07"]
[Result "1-0"]
[WhiteElo "2431"]
[BlackElo "2315"]
[TimeControl "180+1"]
[EndTime "12:22:31 PST"]
[Termination "beautroll won by resignation"]

1. e4 e5 2. Nf3 Nc6 3. Bc4 Bc5 4. c3 d6 5. d4 exd4 6. cxd4 Bb6 7. Nc3 Nf6 8. O-O O-O 9. h3 Nxe4 10. Bxf7+ Rxf7 11. Nxe4 h6 12. d5 Ne5 13. Nxe5 dxe5 14. Qb3 Bf5 15. Ng3 Bg6 16. Be3 Kh8 17. Rad1 Rd7 18. Rd2 Bf7 19. Rfd1 c6 20. Qc3 Bxe3 21. fxe3 Rxd5 22.
Rxd5 Bxd5 23. e4 Qb6+ 24. Kh2 Bxa2 25. Qxe5 Rd8 26. Nf5 Rg8 27. Nxh6 Rc8 28. Rd7 1-0

[Event "*** Titled Tuesday Blitz"]
[Site "Chess.com"]
[Date "2020.11.24"]
[Round "11"]
[White "kot60"]
[Black "Deepweb2020"]
[Result "1-0"]
[WhiteElo "2464"]
[BlackElo "2284"]
[TimeControl "180+1"]
[EndTime "12:22:37 PST"]
[Termination "kot60 won by resignation"]

1. e4 e5 2. Nc3 Nf6 3. f4 d5 4. fxe5 Nxe4 5. Qf3 Nc6 6. Bb5 Nxc3 7. bxc3 a6 8. Bxc6+ bxc6 9. d4 Be6 10. Ne2 Be7 11.
O-O Qd7 12. a4 c5 13. Qg3 g6 14. Bg5 h5 15. h3 h4 16. Qf4 Rh5 17. Bxe7 Qxe7 18. Qe3 c4 19. Nf4 Rf5 20. Nxe6 Qxe6 21. Rxf5 Qxf5 22. Rf1 Qxc2 23. e6 f5 24. Qg5 Rd8 25.
Qxg6+ Ke7 26. Qf7+ Kd6 27. e7 Re8 28. Qxe8 1-0

[Event "*** Titled Tuesday Blitz"]
[Site "Chess.com"]
[Date "2020.11.24"]
[Round "11"]
[White "hawes33"]
[Black "Skat2704"]
[Result "1-0"]
[WhiteElo "2260"]
[BlackElo "2363"]
[TimeControl "180+1"]
[EndTime "12:22:38 PST"]
[Termination "hawes33 won by resignation"]

1. e4 c6 2. Nc3 d5 3. d4 dxe4 4. Nxe4 Nf6 5. Nxf6+ exf6 6. Bd3 Bd6 7. c3 O-O 8. Ne2 Qc7 9. Ng3 Re8+ 10. Be3 c5 11. O-O c4 12. Bc2 f5 13. Nxf5 Bxh2+ 14. Kh1 Bf4 15. Qg4 Bxf5 16. Qxf5 Bxe3 17. Qxh7+ Kf8 18.
fxe3 Qg3 19. Bg6 Ke7 20. Rxf7+ Kd6 21. Qxg7 Qh4+ 22. Kg1 Re6 23. Rxb7 Qg5 24. Qc7+ Kd5 25. e4+ 1-0

[Event "*** Titled Tuesday Blitz"]
[Site "Chess.com"]
[Date "2020.11.24"]
[Round "11"]
[White "GMJustin"]
[Black "Bastiandash"]
[Result "1-0"]
[WhiteElo "2301"]
[BlackElo "2397"]
[TimeControl "180+1"]
[EndTime "12:22:41 PST"]
[Termination "GMJustin won by resignation"]

1. d4 Nf6 2. c4 e6 3. Nc3 Bb4 4.
Bd2 O-O 5. Nf3 b6 6. e3 Bb7 7.
Bd3 Bxc3 8. Bxc3 Ne4 9. Qc2 f5 10.
d5 Nc5 11. O-O-O Qe7 12. Kb1 d6 13. Nd4 Nxd3 14. Qxd3 exd5 15. Nxf5 Rxf5 16. Qxf5 dxc4 17. f3 Nd7 18. e4 Rf8 19. Qg4 Nc5 20. e5 Nd3 21. exd6 cxd6 22. Qxc4+ 1-0

[Event "*** Titled Tuesday Blitz"]
[Site "Chess.com"]
[Date "2020.11.24"]
[Round "11"]
[White "HanSchut"]
[Black "Limelight2727"]
[Result "0-1"]
[WhiteElo "2195"]
[BlackElo "1959"]
[TimeControl "180+1"]
[EndTime "12:22:46 PST"]
[Termination "Limelight2727 won by resignation"]

1. e4 c5 2. Nf3 g6 3. c4 Bg7 4. d4 cxd4 5. Nxd4 Nc6 6. Be3 Nf6 7.
Nc3 O-O 8. Be2 d6 9. O-O a5 10. b3 Nd7 11. Rc1 Nc5 12. Ndb5 f5 13. exf5 Bxf5 14.
Qd2 a4 15. Bxc5 dxc5 16. Qe3 axb3 17. axb3 Nd4 18. Nd5 Ra2 19. Bd3 Bxd3 20. Qxd3 Ne2+ 21. Kh1 Nxc1 22. Rxc1 Raxf2 23. h3 e6 24. Qe3 exd5 25. Qxc5 Rf1+ 26. Rxf1 Rxf1+ 27. Kh2 Be5+ 28. g3 Qg5 29. Qxd5+ Kg7 30. Qg2 Bxg3+ 31. Qxg3 Qd2+ 32. Qg2 Rf2 0-1

[Event "*** Titled Tuesday Blitz"]
[Site "Chess.com"]
[Date "2020.11.24"]
[Round "11"]
[White "pavelalexandru07"]
[Black "EdmundPlayer"]
[Result "0-1"]
[WhiteElo "2266"]
[BlackElo "2187"]
[TimeControl "180+1"]
[EndTime "12:22:50 PST"]
[Termination "EdmundPlayer won by resignation"]

1. g3 c6 2. Bg2 d5 3. d4 g6 4. Nf3 Bg7 5. O-O Nf6 6. Nbd2 O-O 7. c4 b6 8. Re1 Bb7 9. Qc2 Nbd7 10. a3 e6 11. b4 a5 12. Bb2 axb4 13. axb4 dxc4 14. Nxc4 Qe7 15. Qb3 Rfb8 16. Nfe5 Rxa1 17. Rxa1 Nxe5 18.
dxe5 Nd5 19. Nd6 f6 20. Nc4 b5 21. exf6 bxc4 22. fxe7 cxb3 23. Bxd5 exd5 24. Bxg7 Kxg7 0-1

[Event "*** Titled Tuesday Blitz"]
[Site "Chess.com"]
[Date "2020.11.24"]
[Round "11"]
[White "PattyCastillo"]
[Black "HajduIstvanCM"]
[Result "1-0"]
[WhiteElo "2046"]
[BlackElo "1704"]
[TimeControl "180+1"]
[EndTime "12:23:01 PST"]
[Termination "PattyCastillo won on time"]

1. d4 d5 2. Nf3 Bf5 3. c4 e6 4. Nc3 c6 5. Qb3 Qb6 6. c5 Qxb3 7.
axb3 a6 8. b4 Nd7 9. Bf4 Ngf6 10.
e3 Be7 11. b5 O-O 12. bxa6 bxa6 13. Rxa6 Rxa6 14. Bxa6 Ra8 15. Be2 Ra1+ 16. Nd1 Rb1 17.
O-O Bc2 18. Nd2 Bxd1 19. Nxb1 Bxe2 20. Re1 Bd3 21. Nc3 Ne4 22. Nxe4 Bxe4 23. Ra1 Nf8 24. Ra6 g5 25. Bg3 Kg7 26. Rxc6 Kf6 27. b4 h5 28. b5 1-0

[Event "*** Titled Tuesday Blitz"]
[Site "Chess.com"]
[Date "2020.11.24"]
[Round "11"]
[White "Grieve72"]
[Black "penguingm1"]
[Result "0-1"]
[WhiteElo "2449"]
[BlackElo "2936"]
[TimeControl "180+1"]
[EndTime "12:23:15 PST"]
[Termination "penguingm1 won on time"]

1. d4 e5 2. dxe5 Nc6 3. Nf3 d5 4. exd6 Bxd6 5. Nc3 Nf6 6. Bg5 h6 7. Bh4 Bg4 8. e3 Qe7 9. Bb5 O-O-O 10. Bxc6 bxc6 11.
Qe2 Kb7 12. O-O-O Bb4 13. Qc4 Be6 14. Bxf6 gxf6 15. Qf4 Bxc3 16. Qa4 Qb4 17. Qxb4+ Bxb4 18. Nd4 Bxa2 19. c3 Bc5 20. Nf5 Be6 0-1

[Event "*** Titled Tuesday Blitz"]
[Site "Chess.com"]
[Date "2020.11.24"]
[Round "11"]
[White "K_A_S_T_O_R"]
[Black "Shield12"]
[Result "0-1"]
[WhiteElo "2831"]
[BlackElo "2927"]
[TimeControl "180+1"]
[EndTime "12:23:17 PST"]
[Termination "Shield12 won by resignation"]

1. e4 c5 2. Nf3 d6 3. d4 cxd4 4.
Nxd4 Nf6 5. Nc3 Nc6 6. Bg5 Bd7 7.
Qd2 a6 8. Bxf6 gxf6 9. O-O-O Nxd4 10. Qxd4 Rc8 11. Kb1 Qc7 12. Qd2 Bg7 13. Nd5 Qc5 14. g4 e6 15. Ne3 Bh6 16. Qxd6 Qxd6 17. Rxd6 Bxe3 18. fxe3 Bc6 19. Rd4 h5 20. gxh5 Rxh5 21. h4 Ke7 22. Be2 Re5 23. Bd3 Rh8 24. b4 Reh5 25. Kb2 Rxh4 26. Rxh4 Rxh4 27. e5 Rh3 28. exf6+ Kxf6 29. Rf4+ Ke7 30. e4 e5 31. Rg4 Rf3 32. Kc3 f5 33. exf5 e4 34. Rg5 exd3 35. cxd3 Kf6 36. Rg4 Kxf5 37. Rh4 Rf2 38. a3 Ra2 0-1

[Event "*** Titled Tuesday Blitz"]
[Site "Chess.com"]
[Date "2020.11.24"]
[Round "11"]
[White "chenxiaoyuer"]
[Black "YIYUKI"]
[Result "1-0"]
[WhiteElo "2512"]
[BlackElo "2353"]
[TimeControl "180+1"]
[EndTime "12:23:18 PST"]
[Termination "chenxiaoyuer won by resignation"]

1. e4 e5 2. Nf3 Nc6 3. Bb5 a6 4. Ba4 Nf6 5. d3 b5 6. Bb3 Bc5 7. O-O h6 8. c3 d6 9. Nbd2 O-O 10. Re1 Re8 11. Nf1 Bb6 12. Ng3 Ne7 13. a4 Rb8 14. axb5 axb5 15. d4 Ng6 16. Be3 exd4 17. Bxd4 c5 18.
Bxf6 Qxf6 19. Bd5 Nf4 20. Bc6 Re7 21. Ne2 Nh3+ 22. gxh3 Qxf3 23. Qxd6 Re6 24. Qxb8 Rg6+ 25. Ng3 Kh7 26. Qxc8 c4 27. Qf5 Bxf2+ 28. Kf1 Qxf5 29. exf5 Bxe1 30. fxg6+ 1-0

[Event "*** Titled Tuesday Blitz"]
[Site "Chess.com"]
[Date "2020.11.24"]
[Round "11"]
[White "Sinquefield"]
[Black "Zq1"]
[Result "0-1"]
[WhiteElo "2469"]
[BlackElo "2592"]
[TimeControl "180+1"]
[EndTime "12:23:22 PST"]
[Termination "Zq1 won on time"]

1. e4 c5 2. Nf3 d6 3. d4 cxd4 4. Nxd4 Nf6 5. Nc3 Nc6 6. Bc4 Bd7 7. Bb3 g6 8. h3 Nxd4 9. Qxd4 Bg7 10. Be3 O-O 11. Qd2 Bc6 12. f3 b5 13. Bd4 a5 14.
Bd5 Qc7 15. Bxc6 Qxc6 16. O-O e6 17. Rfd1 b4 18. Ne2 Rfd8 19. Rac1 e5 20. Be3 d5 21.
Bh6 Bxh6 22. Qxh6 dxe4 23. f4 Qc5+ 24. Kh1 Qe3 25. Re1 Nh5 26. Qg5 exf4 27. Ng1 Qg3 28. Rcd1 Qxg5 0-1

[Event "*** Titled Tuesday Blitz"]
[Site "Chess.com"]
[Date "2020.11.24"]
[Round "11"]
[White "monalize"]
[Black "enriquetejedor"]
[Result "1-0"]
[WhiteElo "2367"]
[BlackElo "2457"]
[TimeControl "180+1"]
[EndTime "12:23:23 PST"]
[Termination "monalize won by checkmate"]

1. e4 c6 2. Nc3 b5 3. d4 d5 4. a3 g6 5. Be3 a6 6. Qd2 h5 7. f3 Bg7 8. Bd3 e5 9. Nge2 c5 10. Nxd5 c4 11. Bxc4 bxc4 12. Qb4 Nc6 13. Qxc4 Bd7 14.
dxe5 Bxe5 15. Nec3 Nf6 16. Bc5 Nxd5 17. exd5 Nd4 18.
O-O-O Nf5 19. Rhe1 Qg5+ 20. f4 Qf6 21. Rxe5+ Kd8 22.
Qb4 Bb5 23. Qa5+ Kc8 24. Nxb5 Ra7 25. Nxa7+ Kb7 26. Rd3 Rd8 27. Rb3+ Ka8 28. Nc6 Rc8 29. Qxa6# 1-0

[Event "*** Titled Tuesday Blitz"]
[Site "Chess.com"]
[Date "2020.11.24"]
[Round "11"]
[White "Savva09022009"]
[Black "ural58"]
[Result "1-0"]
[WhiteElo "2549"]
[BlackElo "2444"]
[TimeControl "180+1"]
[EndTime "12:23:24 PST"]
[Termination "Savva09022009 won by resignation"]

1. d4 d5 2. Nc3 Nf6 3. Bf4 a6 4. e3 e6 5. Nf3 c5 6. Bd3 c4 7.
Be2 b5 8. O-O Nbd7 9. Nb1 Be7 10. c3 O-O 11. Nbd2 Bb7 12. Qc2 a5 13. a3 Qb6 14.
Ne5 Nxe5 15. dxe5 Ne4 16. Nxe4 dxe4 17. Rfd1 Rfd8 18. Bf1 Rd3 19. Bxd3 exd3 20. Qd2 h6 21.
f3 Bc5 22. Re1 Rd8 23. Kh1 Rd5 24. e4 Rd7 25. Be3 Bc6 26. Bxc5 Qxc5 27. f4 Qb6 28. Re3 Rd8 29. Rae1 Qb7 30. f5 Rb8 31. f6 b4 32.
Rg3 Bxe4 33. Rxg7+ Kf8 34. Qxh6 Ke8 35. Qh8+ Kd7 36.
Rxf7+ Kc6 37. Qg7 d2 38. Rd1 Qb6 39. Rxd2 Qe3 40. Rc7+ Kb5 41. Qd7+ Ka6 42. Rd6+ 1-0

[Event "*** Titled Tuesday Blitz"]
[Site "Chess.com"]
[Date "2020.11.24"]
[Round "11"]
[White "SanchezKelvin"]
[Black "FMJoseHerrera"]
[Result "1-0"]
[WhiteElo "2474"]
[BlackElo "2573"]
[TimeControl "180+1"]
[EndTime "12:23:27 PST"]
[Termination "SanchezKelvin won by resignation"]

1. d4 Nf6 2. c4 c5 3. Nf3 g6 4.
Nc3 Bg7 5. d5 O-O 6. e4 b5 7.
cxb5 a6 8. e5 Ng4 9. Bf4 d6 10.
e6 fxe6 11. Bg3 e5 12. bxa6 Qa5 13. Nd2 Bxa6 14. Qxg4 Bxf1 15. Kxf1 Na6 16. h4 Qb4 17. Qxb4 Nxb4 18. Nde4 Nd3 19. b3 Rfb8 20. Ke2 Nb4 21. h5 Nc2 22. Rac1 Nd4+ 23. Kd3 g5 24. h6 Bf6 25. Rh5 g4 26. Bh4 Kf7 27. Bxf6 exf6 28. Nxd6+ Kg6 29. Rhh1 f5 30. Nc4 e4+ 31. Ke3 Kg5 32. g3 Rd8 33. d6 Nf3 34. Rcd1 Rd7 35. Rd5 Kg6 36. Nb6 Rad8 37. Nxd7 Rxd7 38. Rhd1 Kxh6 1-0

[Event "*** Titled Tuesday Blitz"]
[Site "Chess.com"]
[Date "2020.11.24"]
[Round "11"]
[White "2346PL"]
[Black "GelmanAlexander"]
[Result "1-0"]
[WhiteElo "2463"]
[BlackElo "2573"]
[TimeControl "180+1"]
[EndTime "12:23:27 PST"]
[Termination "2346PL won on time"]

1. d4 Nf6 2. Nc3 c5 3. d5 d6 4.
Bg5 Nbd7 5. e4 h6 6. Bxf6 Nxf6 7. f4 g5 8. e5 Nh7 9. e6 Qb6 10.
Bb5+ Kd8 11. exf7 a6 12. Bd3 Qxb2 13. Nge2 Bg7 14. O-O Bxc3 15. Rb1 Bd4+ 16. Kh1 Qxa2 17. Nxd4 cxd4 18. Bxh7 Qxd5 19. Bg8 Rxg8 20. fxg8=Q+ Qxg8 21. Qxd4 gxf4 22. Rxf4 b5 23. Rbf1 Qg5 24. Qe4 Ra7 25. Qc6 1-0

[Event "*** Titled Tuesday Blitz"]
[Site "Chess.com"]
[Date "2020.11.24"]
[Round "11"]
[White "tlomigtlis"]
[Black "mbachez"]
[Result "1-0"]
[WhiteElo "2582"]
[BlackElo "2443"]
[TimeControl "180+1"]
[EndTime "12:23:30 PST"]
[Termination "tlomigtlis won by resignation"]

1. d4 Nf6 2. c4 c5 3. d5 b5 4. cxb5 a6 5. bxa6 Bxa6 6. Nc3 d6 7. e4 Bxf1 8. Kxf1 g6 9. Nf3 Bg7 10. g3 O-O 11. Kg2 Qa5 12. a4 Nbd7 13. Bd2 Rfb8 14. Nb5 Qb6 15. Qe2 Ne8 16. Bc3 Nc7 17. Nxc7 Qxc7 18.
Bxg7 Kxg7 19. Ng5 h6 20. Nf3 Rb4 21. Qc2 Rab8 22. Rhb1 Nf6 23. Nd2 Qb7 24. b3 Rc8 25. Nc4 Rb8 26. Na5 Qc7 27. Nc6 Rxe4 28. Nxb8 Qxb8 29.
a5 Qa8 30. Rd1 Rb4 31. Qc3 Kh7 32. Qe3 Re4 33. Qf3 Re5 34. Re1 Rf5 35. Qe2 Qxd5+ 36.
Kg1 Re5 37. Qc4 e6 38. Qxd5 Rxe1+ 39. Rxe1 Nxd5 40. a6 Nb6 41. a7 Kg7 42. Ra1 d5 43. Ra6 Na8 44. Rc6 1-0

[Event "*** Titled Tuesday Blitz"]
[Site "Chess.com"]
[Date "2020.11.24"]
[Round "11"]
[White "Nuvas"]
[Black "HaryKane"]
[Result "1-0"]
[WhiteElo "2439"]
[BlackElo "2561"]
[TimeControl "180+1"]
[EndTime "12:23:33 PST"]
[Termination "Nuvas won by resignation"]

1. d4 e6 2. c4 f5 3. Nf3 Nf6 4. Nc3 Bb4 5. Qb3 Qe7 6. Bg5 O-O 7. e3 b6 8. Be2 Bb7 9. O-O Bxc3 10. Qxc3 h6 11.
Bxf6 Qxf6 12. Rac1 Nc6 13. d5 Qxc3 14. Rxc3 Nd8 15.
Rd1 d6 16. Nd4 e5 17. Nb5 Rf7 18. Bh5 Re7 19. Bg6 a6 20. Na3 Bc8 21. e4 fxe4 22. Bxe4 Nf7 23. h4 Bd7 24. Nc2 Rf8 25. b4 Nd8 26. c5 bxc5 27. bxc5 Rf4 28. f3 Rxh4 29. cxd6 cxd6 30. Nb4 Bb5 31. Rc8 Re8 32. Nc6 Nxc6 33. Rxe8+ Kf7 34. dxc6 Kxe8 35. Rxd6 Ke7 36. c7 Bd7 37. Rxa6 Rf4 38. Ra8 Rf8 39. Rxf8 Kxf8 40. Bb7 1-0

[Event "*** Titled Tuesday Blitz"]
[Site "Chess.com"]
[Date "2020.11.24"]
[Round "11"]
[White "HackingKid98"]
[Black "WiktoriaPOL"]
[Result "1-0"]
[WhiteElo "2322"]
[BlackElo "2099"]
[TimeControl "180+1"]
[EndTime "12:23:34 PST"]
[Termination "HackingKid98 won by checkmate"]

1. d4 Nf6 2. c4 g6 3. g3 Bg7 4. Bg2 O-O 5. Nf3 d6 6. O-O Nc6 7. Nc3 Bg4 8. h3 Bxf3 9. exf3 e5 10. dxe5 dxe5 11. Bg5 h6 12. Be3 Nd4 13. f4 Nc6 14. Bxc6 bxc6 15. Qxd8 Raxd8 16. fxe5 Nd7 17. f4 Rfe8 18.
Bxa7 c5 19. Ne4 Bf8 20. Rad1 f5 21. Rxd7 fxe4 22. Rfd1 Rxd7 23. Rxd7 Ra8 24. Rxc7 e3 25. Kf1 Rd8 26. Ke2 Rd2+ 27. Kxe3 Rxb2 28. Bxc5 Bxc5+ 29. Rxc5 Rxa2 30. Rc7 Ra3+ 31. Ke4 Rxg3 32. e6 Kf8 33.
Ke5 Rxh3 34. Kf6 Kg8 35. Rc8+ Kh7 36. e7 Re3 37. e8=Q Rxe8 38. Rxe8 g5 39. fxg5 hxg5 40. c5 g4 41. c6 g3 42. c7 g2 43. c8=Q g1=Q 44. Rh8# 1-0

[Event "*** Titled Tuesday Blitz"]
[Site "Chess.com"]
[Date "2020.11.24"]
[Round "11"]
[White "Road2GM3000"]
[Black "sopo-tereladze"]
[Result "1-0"]
[WhiteElo "2058"]
[BlackElo "2289"]
[TimeControl "180+1"]
[EndTime "12:23:34 PST"]
[Termination "Road2GM3000 won by resignation"]

1. d4 d5 2. c4 e6 3. Nc3 Nf6 4. cxd5 exd5 5. Bg5 Be7 6. e3 O-O 7. Nf3 h6 8. Bh4 c6 9. Bd3 Ne4 10. Bg3 Nxg3 11. hxg3 Nd7 12. O-O Nf6 13. Ne5 Bd6 14. Nf3 Ng4 15. e4 dxe4 16. Nxe4 Bc7 17. Bc2 Bf5 18. Nc5 Bxc2 19. Qxc2 Rb8 20. Rad1 Qd5 21.
Rfe1 Qh5 22. Qe4 Rbe8 23. Qxe8 Rxe8 24. Rxe8+ Kh7 25. Nd7 Bd6 26. Rde1 Qf5 27. Rd8 Bc7 28. Rh8+ Kg6 29. Nh4+ Kg5 30. Nxf5 Kxf5 1-0

[Event "*** Titled Tuesday Blitz"]
[Site "Chess.com"]
[Date "2020.11.24"]
[Round "11"]
[White "Pikachess999"]
[Black "beto-betun"]
[Result "1-0"]
[WhiteElo "2354"]
[BlackElo "2211"]
[TimeControl "180+1"]
[EndTime "12:23:35 PST"]
[Termination "Pikachess999 won by resignation"]

1. e4 c5 2. a3 d5 3. exd5 Qxd5 4. Nc3 Qd8 5. Nf3 Nc6 6. Bb5 Bd7 7. O-O Nf6 8. d4 cxd4 9. Nxd4 e6 10. Nxc6 Bxc6 11. Bxc6+ bxc6 12. Qf3 Qc7 13. Bf4 Bd6 14. Bxd6 Qxd6 15.
Rad1 Qc7 16. Rd4 Ke7 17. Rc4 Rac8 18. b4 Qb7 19. Rc5 Rhd8 20. Ne4 Nxe4 21. Qxe4 Rd5 22. Qc4 Qd7 23. Qc3 Rxc5 24. Qxc5+ Qd6 25. Qxa7+ Rc7 26.
Qb6 c5 27. Qxd6+ Kxd6 28. c3 Ra7 29. Ra1 Kd5 30. a4 Kc4 31. b5 Kxc3 32. b6 Ra8 33. b7 Rb8 34. Rb1 Kc2 35. Rb5 c4 36. a5 c3 37. a6 Kd1 38. a7 c2 39. axb8=Q c1=Q 40. h3 Ke2+ 41. Kh2 e5 42. Qxe5+ Kd3 43. b8=Q Qf4+ 44.
Qxf4 1-0

[Event "*** Titled Tuesday Blitz"]
[Site "Chess.com"]
[Date "2020.11.24"]
[Round "11"]
[White "Zubrrr"]
[Black "skoularikii"]
[Result "1-0"]
[WhiteElo "2638"]
[BlackElo "2472"]
[TimeControl "180+1"]
[EndTime "12:23:36 PST"]
[Termination "Zubrrr won by resignation"]

1. d4 d5 2. c4 c6 3. Nf3 Nf6 4.
e3 Bf5 5. Nc3 e6 6. Nh4 Be4 7.
f3 Bg6 8. g3 Be7 9. Be2 Nbd7 10. O-O dxc4 11. Bxc4 e5 12. Nxg6 hxg6 13. Qb3 O-O 14.
Qxb7 exd4 15. exd4 Nb6 16. Bb3 Qxd4+ 17. Kg2 Bc5 18.
Qxc6 Rae8 19. Bg5 Bb4 20. Rad1 Qe5 21. Bf4 Qf5 22. Qb5 Bc5 23. Bd6 Bxd6 24. Qxf5 gxf5 25. Rxd6 Re7 26. Rfd1 Kh7 27. Rd8 Rxd8 28. Rxd8 Nfd7 29. Kf2 Kg6 30. Bc2 Kf6 31. a4 g6 32. a5 Nc4 33. Nd5+ Ke6 34. Nxe7 Kxe7 35. Ra8 Nxa5 36. Rxa7 Nc6 37. Rxd7+ Kxd7 38. Ba4 Kd6 39. Bxc6 Kxc6 40. h4 Kc5 41. g4 1-0

[Event "*** Titled Tuesday Blitz"]
[Site "Chess.com"]
[Date "2020.11.24"]
[Round "11"]
[White "halldorgretar"]
[Black "ChronicUnhappiness"]
[Result "0-1"]
[WhiteElo "2162"]
[BlackElo "2333"]
[TimeControl "180+1"]
[EndTime "12:23:37 PST"]
[Termination "ChronicUnhappiness won by resignation"]

1. d4 Nf6 2. c4 e6 3. Nf3 c5 4. d5 exd5 5. cxd5 d6 6. g3 g6 7. Bg2 Bg7 8. O-O O-O 9. Nc3 Re8 10. Re1 Ne4 11. Nxe4 Rxe4 12. Nd2 Rb4 13. Qc2 Bd7 14. Rb1 c4 15. Nxc4 Qc7 16. b3 b5 17. Bd2 a5 18. a3 Rxc4 19. bxc4 Na6 20. Rec1 bxc4 21.
Qxc4 Nc5 22. Bf4 Re8 23. Bxd6 Qxd6 24. Qxc5 Qxc5 25. Rxc5 Rxe2 26. Rb8+ Bf8 27. Rxa5 Re1+ 28. Bf1 Bh3 0-1

[Event "*** Titled Tuesday Blitz"]
[Site "Chess.com"]
[Date "2020.11.24"]
[Round "11"]
[White "hansen"]
[Black "Smirnov_Pavel"]
[Result "0-1"]
[WhiteElo "2932"]
[BlackElo "2854"]
[TimeControl "180+1"]
[EndTime "12:23:40 PST"]
[Termination "Smirnov_Pavel won on time"]

1. e4 c5 2. Nf3 Nc6 3. Bb5 g6 4.
Bxc6 bxc6 5. O-O Bg7 6. Re1 Nh6 7. c3 O-O 8. d4 cxd4 9. cxd4 d5 10. e5 f6 11. exf6 exf6 12. Nbd2 Re8 13. Rxe8+ Qxe8 14. Nb3 g5 15. Bd2 Bf5 16. Rc1 Be4 17. Nc5 Nf5 18.
Bc3 Nd6 19. Nxe4 dxe4 20. Nd2 f5 21. Qa4 Nb5 22. Re1 Rd8 23. Nb3 Qf7 24. g3 Qd5 25.
Qa6 f4 26. Qb7 Re8 27. Nc5 Nxd4 28. Bxd4 Bxd4 29. Nb3 e3 30. f3 Qxf3 0-1

[Event "*** Titled Tuesday Blitz"]
[Site "Chess.com"]
[Date "2020.11.24"]
[Round "11"]
[White "GMaka"]
[Black "Gudmundur_Kjartansson"]
[Result "0-1"]
[WhiteElo "2436"]
[BlackElo "2551"]
[TimeControl "180+1"]
[EndTime "12:23:43 PST"]
[Termination "Gudmundur_Kjartansson won on time"]

1. d4 d5 2. c4 e6 3. Nc3 c6 4. e4 dxe4 5. Nxe4 Bb4+ 6. Bd2 Qxd4 7. Bxb4 Qxe4+ 8. Be2 Na6 9. Ba3 Bd7 10. Qd6 O-O-O 11. O-O-O Nh6 12. Bf3 Qxc4+ 13. Kb1 Nf5 14.
Qe5 f6 15. Qa5 Qb5 16. Qc3 e5 17. Be2 Qb6 18. Nh3 Be6 19. Bc4 Bxc4 20. Qxc4 Nd4 21. Rc1 Rd7 22. Rhd1 Rhd8 23. f3 Nb5 24. Bd6 Rxd6 0-1

[Event "*** Titled Tuesday Blitz"]
[Site "Chess.com"]
[Date "2020.11.24"]
[Round "11"]
[White "sorrm8thatscheckm8"]
[Black "AbdAlAgathos"]
[Result "1-0"]
[WhiteElo "2503"]
[BlackElo "2367"]
[TimeControl "180+1"]
[EndTime "12:23:43 PST"]
[Termination "sorrm8thatscheckm8 won by resignation"]

1. d4 d5 2. c4 c6 3. cxd5 cxd5 4.
Nc3 Nf6 5. f3 Nc6 6. e4 dxe4 7.
d5 Ne5 8. fxe4 g6 9. Nf3 Nxf3+ 10. Qxf3 Bg7 11. Bb5+ Bd7 12. Bd3 Ng4 13. Bf4 Qb6 14.
Rb1 O-O 15. h3 Ne5 16. Qg3 Nxd3+ 17. Qxd3 Rac8 18. Be3 Qa5 19. O-O a6 20. Bd4 e5 21. b4 Qc7 22. Bc5 Rfe8 23. d6 Qc6 24. Nd5 Qb5 25. Qf3 Be6 26. Ne7+ Rxe7 27. dxe7 Re8 28.
Rfd1 b6 29. Bd6 Qc6 30. Rbc1 Qa4 31. a3 Bh6 32. Bxe5 Rxe7 33. Qf6 1-0

[Event "*** Titled Tuesday Blitz"]
[Site "Chess.com"]
[Date "2020.11.24"]
[Round "11"]
[White "Agoking701"]
[Black "lacafi"]
[Result "1-0"]
[WhiteElo "2349"]
[BlackElo "2210"]
[TimeControl "180+1"]
[EndTime "12:23:43 PST"]
[Termination "Agoking701 won by resignation"]

1. e4 c6 2. Nc3 d5 3. Nf3 dxe4 4.
Nxe4 Nf6 5. Qe2 e6 6. d3 Nbd7 7. g3 Be7 8. Bg2 O-O 9. O-O b6 10. Nxf6+ Nxf6 11. Ne5 Bb7 12. Nxc6 Bxc6 13. Bxc6 Rc8 14. Bb7 Rc5 15. Be3 Rc7 16. Bg2 Nd5 17.
Rac1 Bf6 18. c3 Qd7 19. d4 Rd8 20. Rfe1 Qa4 21. b3 Qd7 22. c4 Nb4 23. a3 Nc6 24.
d5 Na5 25. Bf4 e5 26. Bxe5 Bxe5 27. Qxe5 Nxb3 28. Rc3 Na5 29. Bh3 1-0

[Event "*** Titled Tuesday Blitz"]
[Site "Chess.com"]
[Date "2020.11.24"]
[Round "11"]
[White "Neftegor"]
[Black "NikolaGry"]
[Result "0-1"]
[WhiteElo "2527"]
[BlackElo "2719"]
[TimeControl "180+1"]
[EndTime "12:23:48 PST"]
[Termination "NikolaGry won by resignation"]

1. d4 d5 2. c4 Nc6 3. Nf3 Bg4 4. cxd5 Bxf3 5. gxf3 Qxd5 6. e3 e5 7. Nc3 Bb4 8. Bd2 Bxc3 9. bxc3 Qd6 10. Qb3 Rb8 11.
h4 Nge7 12. h5 O-O 13. h6 g6 14. Be2 b5 15. Rc1 Na5 16. Qb4 Nc4 17. Bxc4 bxc4 18. Qxc4 Rfd8 19. Rd1 Qf6 20. Ke2 Nd5 21. dxe5 Qe6 22.
Qd4 c5 23. Qe4 Rb2 24. Ke1 Qa6 25. e6 Nxc3 26. exf7+ Kf8 0-1